 Dungeon Crawl Stone Soup version 0.20-a0-351-gc9b4002 (webtiles) character file.

85 4thArraOfDagon the Insei (level 4, 5/34 HPs)
             Began as a Draconian Ice Elementalist on Dec 25, 2016.
             Quit the game on level 6 of the Dungeon.
             The game lasted 00:04:09 (1046 turns).

4thArraOfDagon the Insei (DrIE)                     Turns: 1046, Time: 00:04:10

Health: 5/34       AC:  5    Str: 10    XL:     4   Next: 25%
Magic:  7/7        EV: 12    Int: 17    God:
Gold:   54         SH:  0    Dex: 11    Spells: 6/7 levels left

rFire  . . .     SeeInvis .       - Unarmed
rCold  . . .     Gourm    .     (armour unavailable)
rNeg   . . .     Faith    .     (no shield)
rPois  .         Spirit   .     (helmet restricted)
rElec  .         Reflect  .     (no cloak)
rCorr  .         Harm     .     (no gloves)
MR     .....                    (no boots)
Stlth  ++........               (no amulet)
                                (no ring)
                                (no ring)

@: no status effects
A: unfitting armour, cold-blooded, AC +5
a: no special abilities


You were on level 6 of the Dungeon.
You were not hungry.

You visited 1 branch of the dungeon, and saw 6 of its levels.

You collected 54 gold pieces.

Inventory:

Missiles
 i - 3 steel tomahawks (quivered)
Books
 a - a book of Frost

   Spells                             Type                      Level
   a - Freeze                         Ice                          1
   b - Throw Frost                    Conjuration/Ice              2
   c - Ozocubu's Armour               Charms/Ice                   3
   d - Throw Icicle                   Conjuration/Ice              4
   e - Summon Ice Beast               Ice/Summoning                4
Comestibles
 b - a bread ration
 f - 3 fruits
 j - a chunk of flesh


   Skills:
 + Level 0.9 Fighting
 + Level 2.0 Dodging
 - Level 1.7 Stealth
 * Level 3.6 Unarmed Combat
 - Level 2.0 Spellcasting
   Level 1.0 Conjurations
 - Level 3.0 Ice Magic


You had 6 spell levels left.
You knew the following spells:

 Your Spells              Type           Power        Failure   Level  Hunger
a - Freeze                Ice            ##..         6%          1    #......


Dungeon Overview and Level Annotations

Branches:
Dungeon (5/15)
 Temple: D:4-7

Altars:

Annotations:
D:4 Menkaure
D:6 Duffy's ghost, novice HaFi


Innate Abilities, Weirdness & Mutations

Your plain brown scales are hard. (AC +5)
You cannot fit into any form of body armour.
You are cold-blooded and may be slowed by cold attacks.


Message History

* * * LOW HITPOINT WARNING * * *
2 gnolls come into view.
A gnoll is wielding a halberd of venom.
Unknown command.
Unknown command.
Unknown command.
Unknown command.
The howler monkey barely misses you.
Unknown command.
Unknown command.
The howler monkey hoots and howls with incredible vigour!
You hear a shout!
You hear a loud, deep croak!
You hear an angry hiss. x3
Unknown command.
Unknown command.
Unknown command.
A bullfrog comes into view.
Unknown command.
You aren't carrying any potions.
Okay, then.
Are you sure you want to abandon this character and quit the game? (Confirm with "yes".)

......F.###
.....[oo####
.........W.##
......####..##
####.# ##..# ...
##5## #### #..###
#######..W.#
#.@h.5.....#
...F...#####....#
..##### ######


You could see a bullfrog, a howler monkey, Duffy's ghost and a crimson imp.

Vanquished Creatures
  An orc priest (D:5)
  A worker ant (D:5)
  An adder (D:2)
  2 orcs
  2 goblins
  4 hobgoblins
  3 jackals (D:3)
  5 bats
  A frilled lizard (D:1)
  4 rats
24 creatures vanquished.

Notes
Turn   | Place    | Note
-------+----------+-------------------------------------------
     0 | D:1      | 4thArraOfDagon the Draconian Ice Elementalist began the quest for the Orb.
     0 | D:1      | Reached XP level 1. HP: 14/14 MP: 3/3
     6 | D:1      | Noticed an iguana
     6 | D:1      | Noticed a hound
     6 | D:1      | Noticed an anaconda
   258 | D:1      | Reached skill level 1 in Unarmed Combat
   432 | D:2      | Reached XP level 2. HP: 17/20 MP: 0/5
   632 | D:3      | Reached XP level 3. HP: 20/26 MP: 0/6
   688 | D:4      | Noticed Menkaure
   690 | D:5      | Entered Level 5 of the Dungeon
   852 | D:5      | Noticed an ogre
   926 | D:5      | Reached XP level 4. HP: 11/34 MP: 2/7
  1028 | D:4      | You fall through a shaft for 2 floors!
  1028 | D:6      | Noticed an ogre
  1032 | D:6      | Noticed a bullfrog
  1033 | D:6      | Noticed Duffy's ghost (novice HaFi)
  1045 | D:6      | Noticed a bullfrog
  1046 | D:6      | Quit the game

Vault maps used:
D:1:      onia_arrival_zoo_common
D:3:      first_bread, minmay_bisected
D:4:      nemelex_spade_bored_becter, uniq_menkaure
D:5:      st_stairs_10, minmay_fire_ice_demons
D:6:      nicolae_ossuary_entry_catacombs

Skill      XL: |  1  2  3 |
---------------+----------+-----
Unarmed Combat | 1 2 3 |  3.6
Dodging        | 2 |  2.0
Fighting       | |  0.9
Stealth        | |  1.7
Spellcasting   | |  2.0
Conjurations   | |  1.0
Ice Magic      | |  3.0

Action                   |  1- 3 |  4- 6 || total
-------------------------+-------+-------++-------
Melee: Unarmed           |    36 |     1 ||    37
       Tailslap          |     2 |     1 ||     3
 Cast: Freeze            |    38 |     4 ||    42
  Use: Scroll            |     1 |     3 ||     4
       Potion            |     2 |     3 ||     5
 Stab: Sleeping          |     1 |       ||     1
  Eat: Chunk             |     1 |       ||     1
Armor: Skin              |    11 |     7 ||    18
Dodge: Dodged            |    35 |     3 ||    38
